 Dungeon Crawl Stone Soup version 0.28.0-53-g5a82cb258f (webtiles) character file.

Game seed: 6015396952075364438

7127 Stomo the Fighter (level 10, -1/72 HPs)
             Began as a Demonspawn Gladiator on July 4, 2022.
             Was a Believer of Hepliaklqana.
             Killed from afar by a raiju (11 damage)
             ... with a living lightning
             ... on level 4 of the Abyss.
             The game lasted 00:18:15 (10419 turns).

Stomo the Fighter (Demonspawn Gladiator)           Turns: 10419, Time: 00:18:15

Health: -1/72      AC: 12    Str: 24    XL:     10   Next: 85%
Magic:  14/14      EV: 16    Int: 10    God:    Hepliaklqana [**....]
Gold:   39         SH:  0    Dex: 15    Spells: 9/9 levels left

rFire   + . .      SeeInvis .   q - +1 short sword (speed)
rCold   . . .      Faith    .   (no shield)
rNeg    . . .      Spirit   .   u - +2 scale mail {rF+}
rPois   .          Reflect  .   E - +0 helmet
rElec   .          Harm     .   (no cloak)
rCorr   .          Rampage  .   e - +0 pair of gloves
Will    .....                   (no boots)
Stlth   ..........              (no amulet)
HPRegen 0.00/turn               f - +4 ring of slaying
MPRegen 0.14/turn               k - +6 ring of strength

@: mighty, brilliant, sick, hasted (expiring), very quick
A: reduced essence, claws 2, repulsion field 1, demonic guardian 2, powered by
death 2
a: Renounce Religion, Recall Ancestor, Ancestor Identity


You were on level 4 of the Abyss.
You worshipped Hepliaklqana.
Hepliaklqana was pleased with you.
You visited 2 branches of the dungeon, and saw 10 of its levels.
You visited the Abyss 1 time.

You collected 39 gold pieces.

Inventory:

Hand Weapons
 a - a +0 rapier
 q - a +1 short sword of speed (weapon)
 w - a +1 dagger of protection
 K - a +4 dagger of distortion
Missiles
 d - 3 throwing nets
Armour
 b - a +0 leather armour
 c - a +0 helmet
 e - a +0 pair of gloves (worn)
 p - a +0 scale mail
 u - a +2 scale mail of fire resistance (worn)
 x - the +3 scale mail of the Dropbear {*Slow +Blink rN+ SInv}
   (You found it on level 5 of the Dungeon)

   rN:        It protects you from negative energy.
   SInv:      It lets you see invisible.
   +Blink:    It lets you blink.
   *Slow:     It may slow you when you take damage.
 D - +0 steam dragon scales
 E - a +0 helmet (worn)
Jewellery
 f - a +4 ring of slaying (left hand)
 k - a +6 ring of strength (right hand)
 y - an amulet of the acrobat
 A - a ring of flight
Wands
 j - a wand of iceblast (5) (quivered)
 H - a wand of mindburst (16)
Scrolls
 i - 9 scrolls of identify
 l - a scroll of fear
 r - 2 scrolls of blinking
 B - 3 scrolls of teleportation
 C - 2 scrolls of amnesia
 F - a scroll of immolation {unknown}
 I - a scroll of enchant weapon {unknown}
 J - a scroll of fog {unknown}
Potions
 g - 10 potions of curing
 h - a potion of attraction
 m - a potion of lignification
 n - 3 potions of flight
 o - a potion of brilliance
 s - a potion of might
 t - a potion of cancellation {unknown}
 v - a potion of magic {unknown}
 z - a potion of degeneration {unknown}


   Skills:
 - Level 8.2 Fighting
 - Level 7.8 Short Blades
 - Level 1.7 Throwing
 - Level 7.3 Armour
 - Level 7.8 Dodging
 + Level 6.6 Invocations


You had 9 spell levels left.
You didn't know any spells.
Your spell library contained the following spells:

 Spells                   Type           Power      Damage    Failure   Level
 Sandblast                Erth           0%         2d4       63%         1
 Shock                    Conj/Air       0%         1d3       63%         1
 Passwall                 Tmut/Erth      0%         N/A       77%         2
 Static Discharge         Conj/Air       0%         N/A       77%         2
 Inner Flame              Hex/Fire       0%         N/A       94%         3
 Stone Arrow              Conj/Erth      0%         3d7       94%         3
 Swiftness                Air            0%         N/A       94%         3
 Airstrike                Air            0%         N/A       100%        4
 Animate Armour           Summ/Erth      0%         N/A       100%        4
 Cause Fear               Hex            0%         N/A       100%        4
 Lightning Bolt           Conj/Air       0%         1d11      100%        5
 Discord                  Hex            0%         N/A       100%        8
 Lehudib's Crystal Spear  Conj/Erth      0%         10d2      100%        8
 Maxwell's Capacitive Co  Air            0%         ∞         100%        8


Dungeon Overview and Level Annotations

Branches:
Dungeon (9/15)             Temple (1/1) D:7
   Lair: D:8-11         Orc: D:9-12

Altars:
Ashenzari
Cheibriados
Dithmenos
Elyvilon
Fedhas
Gozag
Hepliaklqana
Kikubaaqudgha
Makhleb
Nemelex Xobeh
Okawaru
Qazlal
Ru
Sif Muna
Trog
Uskayaw
Vehumet
Wu Jian
Xom
Yredelemnul
Zin
The Shining One
Ignis

Shops:
D:1 =

Annotations:
D:9 Maurice


Innate Abilities, Weirdness & Mutations

Your life essence is reduced to manifest your ancestor. (-10% HP)
You have very sharp fingernails.
You are surrounded by a mild repulsion field. (EV +2)
A demonic guardian rushes to your aid.
You regenerate health from kills.


Message History

Okay, then.
You completely miss the ancient zyme.
The ancient zyme is moderately damaged.
Unknown command.
Okay, then.
It was a potion of brilliance.
You feel clever all of a sudden. The ancient zyme closely misses you.
The ancient zyme completely misses you.
Unknown command.
It was a potion of might.
You feel very mighty all of a sudden. The ancient zyme hits you!
* * * LOW HITPOINT WARNING * * *
A demonic guardian appears!
The ancient zyme hits you but does no damage.
Unknown command.
You puncture the ancient zyme!
The ancient zyme is moderately damaged.
You puncture the ancient zyme!
The ancient zyme is heavily damaged.
You puncture the ancient zyme!
The ancient zyme is almost destroyed.
The ancient zyme closely misses you. The ancient zyme barely misses you.
Unknown command.
You impale the ancient zyme!!
You destroy the ancient zyme!
That felt strangely unrewarding.
Unknown command.
You swap places.
Artakama misses the raiju.
Unknown command.
You swap places.
Your extra speed is starting to run out.
Your orange demon stings the raiju from afar!
The raiju barely misses Artakama.
The raiju bursts into living lightning!
The living lightning misses the raiju.
The living lightning hits Artakama!!
Artakama is destroyed!
The living lightning hits your orange demon!
The living lightning hits you!
You die...

#### ..#
#.# #
#@# .#.#
###.#
....##4#
## # .
#. #.# .
.#.##
##.##h#
... ...
..hh.# .
... . .
..##.# .
.# . .
..# . .
.. .
......#
......


You could see 3 raiju and a friendly orange demon (summoned).

Vanquished Creatures
  Pikel (D:6)
  An ancient zyme (Abyss:4)
  2 wyverns
  10 yaks
  A steam dragon (D:9)
  Menkaure (D:6)
  An acid dragon (D:8)
  3 water moccasins
  2 orc warriors
  A hornet zombie (D:5)
  A black bear (D:6)
  4 ogres
  A necrophage (D:8)
  3 centaurs
  2 lemures (D:6)
  2 kobold brigands
  Blork the orc (D:5)
  A bullfrog (D:8)
  2 scorpions
  2 gnoll sergeants
  A water moccasin zombie (D:5)
  6 killer bees (D:8)
  A jelly (D:5)
  2 howler monkeys
  A crimson imp (D:5)
  2 bullfrog zombies (D:5)
  5 hounds
  A centaur zombie (D:6)
  2 orc priests
  3 centaur skeletons
  3 iguanas (D:5)
  6 orc wizards
  Robin (D:3)
  3 gnolls (D:7)
  7 adders
  A shadow imp (D:5)
  A white imp (D:8)
  An ufetubus (D:4)
  An adder skeleton (D:5)
  4 worms
  2 dart slugs
  26 orcs
  6 bats
  6 endoplasms
  6 giant cockroaches
  12 goblins
  11 hobgoblins
  5 quokkas
  6 ball pythons
  5 frilled lizards
  18 kobolds
  An orc zombie (D:7)
  10 rats
208 creatures vanquished.

Vanquished Creatures (collateral kills)
  Joseph (D:7)
  Psyche (D:9)
  A raiju (Abyss:4)
  3 yaks (D:6)
  A hornet zombie (D:5)
  A kobold brigand (D:8)
  2 orc priests
  An orc wizard (D:8)
  2 gnolls (D:7)
  A shadow imp (D:5)
  3 orcs
17 creatures vanquished.

Vanquished Creatures (others)
  3 hexers
  2 ancestors (D:6)
5 creatures vanquished.

Grand Total: 230 creatures vanquished

Notes
Turn   | Place    | Note
-------+----------+-------------------------------------------
     0 | D:1      | Stomo the Demonspawn Gladiator began the quest for the Orb.
     0 | D:1      | Reached XP level 1. HP: 16/16 MP: 1/1
    15 | D:1      | Found Heonozidgh's Jewellery Shoppe.
   337 | D:1      | Gained mutation: You are surrounded by a mild repulsion
                  | field. (EV +2) [demonic ancestry]
   337 | D:1      | Reached XP level 2. HP: 22/22 MP: 2/2
   856 | D:1      | Reached skill level 1 in Armour
   967 | D:1      | Gained mutation: You regenerate a little health from kills.
                  | [demonic ancestry]
   967 | D:1      | Reached XP level 3. HP: 28/28 MP: 3/3
  2069 | D:3      | Gained mutation: A weak demonic guardian rushes to your
                  | aid. [demonic ancestry]
  2069 | D:3      | Reached XP level 4. HP: 34/34 MP: 4/4
  2261 | D:3      | Noticed Robin
  2267 | D:3      | Killed Robin
  2604 | D:3      | Reached skill level 3 in Fighting
  2639 | D:3      | Found a shadowy altar of Dithmenos.
  2646 | D:3      | Reached XP level 5. HP: 41/41 MP: 5/5
  3216 | D:4      | Noticed a water moccasin
  3242 | D:4      | Killed a water moccasin
  3243 | D:4      | Reached XP level 6. HP: 39/47 MP: 6/6
  3906 | D:5      | Entered Level 5 of the Dungeon
  4012 | D:5      | Reached skill level 4 in Fighting
  4209 | D:5      | Gained mutation: You have sharp fingernails. [demonic
                  | ancestry]
  4209 | D:5      | Reached XP level 7. HP: 54/54 MP: 7/7
  4238 | D:5      | Noticed Blork the orc
  4254 | D:5      | Killed Blork the orc
  4517 | D:5      | Identified the +3 scale mail of the Dropbear {*Slow +Blink
                  | rN+ SInv}
  4755 | D:5      | Reached skill level 5 in Dodging
  4767 | D:5      | Gained mutation: You have very sharp fingernails. [demonic
                  | ancestry]
  4767 | D:5      | Reached XP level 8. HP: 61/61 MP: 8/8
  4804 | D:5      | Reached skill level 5 in Short Blades
  4889 | D:5      | Reached skill level 5 in Fighting
  5562 | D:5      | You fall into a shaft and drop 2 floors!
  5729 | D:7      | Reached skill level 5 in Armour
  5842 | D:7      | Found a staircase to the Ecumenical Temple.
  5851 | Temple   | Entered the Ecumenical Temple
  5925 | Temple   | Became a worshipper of Hepliaklqana the Forgotten
  6019 | D:6      | Reached skill level 6 in Fighting
  6042 | D:6      | Gained mutation: A demonic guardian rushes to your aid.
                  | [demonic ancestry]
  6042 | D:6      | Reached XP level 9. HP: 47/69 MP: 9/9
  7255 | D:5      | Found a radiant altar of Vehumet.
  7256 | D:5      | Found a burning altar of Makhleb.
  7340 | D:6      | Found a broken altar of Ashenzari.
  7343 | D:6      | Noticed Pikel
  7388 | D:6      | Killed Pikel
  7389 | D:6      | Reached skill level 7 in Fighting
  7450 | D:6      | Found a sparkling altar of Nemelex Xobeh.
  7485 | D:6      | Reached * piety under Hepliaklqana
  7508 | D:6      | Noticed Menkaure
  7522 | D:6      | Killed Menkaure
  7736 | D:6      | Found an ornate altar of the Wu Jian Council.
  7788 | D:6      | Gained mutation: You regenerate health from kills. [demonic
                  | ancestry]
  7788 | D:6      | Reached XP level 10. HP: 20/71 MP: 10/10
  7805 | D:6      | Found a hide-covered altar of Uskayaw.
  7805 | D:6      | Found a snail-covered altar of Cheibriados.
  7980 | D:6      | Found a stormy altar of Qazlal.
  8223 | D:7      | Noticed Joseph
  8382 | D:7      | Killed Joseph
  9087 | D:8      | Reached skill level 8 in Fighting
  9569 | D:8      | Reached ** piety under Hepliaklqana
  9671 | D:8      | Remembered your ancestor Artakama as a hexer
  9774 | D:8      | Found a shimmering blue altar of Sif Muna.
 10030 | D:9      | Reached skill level 1 in Invocations
 10154 | D:9      | Noticed Psyche
 10172 | D:9      | Killed Psyche
 10206 | D:9      | Noticed Maurice
 10249 | D:9      | Reached skill level 5 in Invocations
 10274 | D:9      | Cast into level 3 of the Abyss (unwielding a weapon of
                  | distortion)
 10338 | Abyss:3  | Noticed a bone dragon
 10346 | Abyss:3  | Found a corrupted altar of Lugonu.
 10419 | Abyss:4  | Killed from afar by a raiju

Illustrated notes

Levels and vault maps discovered:
D:1:      dpeg_arrival_ratfight, layout_basic, serial_shops,
          nicolae_lakefront_shop, nrook_campfire, minmay_pentomino_v4
D:2:      layout_basic
D:3:      layout_loops_cross, nicolae_dithmenos_shadow_blocks, uniq_robin
D:4:      layout_basic, eino_small_chamber_without_monster, minmay_cupped
D:5:      minmay_polygon_palace, layout_basic,
          grunt_temple_overflow_lords_of_destruction, gup_sewer_entry_bubbles,
          uniq_blork_the_orc
D:6:      layout_loops_corners, minitemple, grunt_temple_overflow_open,
          uniq_pikel, uniq_menkaure
D:7:      layout_loops_cross, minmay_temple_entry_butterflies, enter_ossuary_3,
          uniq_joseph
D:8:      minmay_skewed_foursquare, layout_basic,
          mainiacjoe_overflow_surrounded_room, serial_corexii_hall,
          corexii_hall_statues_x, corexii_hall_statues_x,
          chequers_hall_statues_y, chequers_hall_statues_corner_a
D:9:      layout_irregular_city, uniq_psyche, uniq_maurice
Temple:   ebering_untended_altars
Abyss:4:  base:
D:6

Skill      XL: |  1  2  3  4  5  6  7  8  9 10 |
---------------+-------------------------------+-----
Armour         | 1 2 3 4 5 6 7 |  7.3
Dodging        | 3 4 5 6 7 |  7.8
Short Blades   | 3 4 6 7 |  7.8
Fighting       | 3 4 6 7 8 |  8.2
Invocations    | 6 |  6.6
Throwing       | |  1.7

Action                   |  1- 3 |  4- 6 |  7- 9 | 10-12 || total
-------------------------+-------+-------+-------+-------++-------
Melee: Rapier            |   120 |     9 |       |       ||   129
       Short sword       |       |   172 |   447 |   206 ||   825
       Punch             |       |     3 |     6 |     7 ||    16
       Dagger            |       |       |       |    35 ||    35
Invok: Recall Ancestor   |       |       |       |     1 ||     1
       Ancestor Life: He |       |       |       |     1 ||     1
       Ancestor Identity |       |       |       |     1 ||     1
Evoke: Wand              |       |       |     6 |       ||     6
  Use: Scroll            |     4 |     6 |       |     2 ||    12
       Potion            |       |       |       |     3 ||     3
 Stab: Distracted        |       |       |       |     2 ||     2
Armor: Leather armour    |    38 |    10 |       |       ||    48
       Scale mail        |       |    14 |   104 |    54 ||   172
Dodge: Dodged            |    81 |    88 |   198 |   132 ||   499
